 Dungeon Crawl Stone Soup version 0.28-a0-845-gfc338a8e3c (webtiles) character file.

Game seed: 4885332732643815571

161 vurker the Gusty (level 4, -4/35 HPs)
             Began as a Demigod Air Elementalist on Nov 12, 2021.
             Killed from afar by Ijyb (10 damage)
             ... with a puff of flame
             ... on level 3 of the Dungeon.
             The game lasted 00:03:15 (3737 turns).

vurker the Gusty (Demigod Air Elementalist)         Turns: 3737, Time: 00:03:15

Health: -4/35      AC:  2    Str:  9    XL:     4   Next: 98%
Magic:  4/11       EV: 12    Int: 21    God:
Gold:   135        SH:  0    Dex: 14    Spells: 4/9 levels left

rFire   . . .      SeeInvis .   r - +2 dagger (venom)
rCold   . . .      Faith    .   (no shield)
rNeg    . . .      Spirit   .   a - +0 robe
rPois   .          Reflect  .   (no helmet)
rElec   .          Harm     .   (no cloak)
rCorr   .          Rampage  .   (no gloves)
Will    .....                   (no boots)
Stlth   ++........              (no amulet)
HPRegen 0.11/turn               b - ring of wizardry
MPRegen 0.12/turn               (no ring)

@: no status effects
A: high mp 1, forlorn
a: no special abilities


You were on level 3 of the Dungeon.
You visited 1 branch of the dungeon, and saw 3 of its levels.

You collected 135 gold pieces.

Inventory:

Hand Weapons
 r - a +2 dagger of venom (weapon)
   (You took it off an orc on level 3 of the Dungeon)
Armour
 a - a +0 robe (worn)
Jewellery
 b - a ring of wizardry (left hand)
   (You found it on level 1 of the Dungeon)
 h - a ring of positive energy
   (You found it on level 2 of the Dungeon)
Scrolls
 c - 2 scrolls of identify {unknown}
 d - a scroll of enchant weapon {unknown}
 f - 4 scrolls of teleportation {unknown}
 i - a scroll of amnesia {unknown}
 k - a scroll of magic mapping {unknown}
 m - a scroll of noise {unknown}
 o - 2 scrolls of fear {unknown}
 q - a scroll of vulnerability {unknown}
Potions
 e - 2 potions of curing {unknown}
 g - a potion of flight {unknown}
 j - a potion of ambrosia {unknown}
 l - a potion of mutation {unknown}
 n - a potion of berserk rage {unknown}
 p - a potion of invisibility {unknown}


   Skills:
 + Level 1.4 Fighting
 - Level 1.7 Dodging
 - Level 1.7 Stealth
 * Level 3.0 Spellcasting
 + Level 1.8 Conjurations
 * Level 3.9 Air Magic


You had 4 spell levels left.
You knew the following spells:

 Your Spells              Type           Power      Damage    Failure   Level
a - Shock                 Conj/Air       60%        1d6       1%          1
c - Airstrike             Air            9%         N/A       11%         4

Your spell library contained the following spells:

 Spells                   Type           Power      Damage    Failure   Level
 Static Discharge         Conj/Air       15%        N/A       2%          2
 Corpse Rot               Necr/Air       22%        N/A       3%          2
 Poisonous Vapours        Pois/Air       22%        N/A       3%          2
 Swiftness                Air            19%        N/A       3%          3


Dungeon Overview and Level Annotations

Branches:
Dungeon (3/15)

Annotations:
D:3 Ijyb


Innate Abilities, Weirdness & Mutations

Your attributes grow dramatically as you level up.
You have an increased reservoir of magic. (+10% MP)
You shall have no god before yourself.


Message History

You kill the adder!
Your magical contamination has completely faded away.
Your Spellcasting skill increases to level 3!
You feel sick.
You feel sick.
You feel sick.
You feel sick.
You are no longer poisoned.
You open the gate.
There is an open gate here.
You open the gate.
There is an open gate here.
Ijyb the Twisted Goblin comes into view.
She is wielding a +3 club and carrying a wand of flame (21).
Aim: Ijyb, wielding a +3 club, wearing a +0 leather armour and carrying a wand of flame (21) (asleep, 100% to hit)
The zap hits Ijyb.
Ijyb zaps a wand.
The puff of flame hits you!
There is an open gate here.
Ijyb is nearby!
Ijyb zaps a wand.
The puff of flame misses you.
Aim: Ijyb, wielding a +3 club, wearing a +0 leather armour and carrying a wand of flame (19) (64% to hit)
The zap misses Ijyb.
The zap hits Ijyb.
Aim: Ijyb, wielding a +3 club, wearing a +0 leather armour and carrying a wand of flame (19) (lightly wounded, 64% to hit)
The zap hits Ijyb.
Aim: Ijyb, wielding a +3 club, wearing a +0 leather armour and carrying a wand of flame (19) (black smoke, moderately wounded, 64% to hit)
The zap misses Ijyb.
Aim: Ijyb, wielding a +3 club, wearing a +0 leather armour and carrying a wand of flame (19) (moderately wounded, 64% to hit)
The zap hits Ijyb.
Ijyb barely misses you.
You closely miss Ijyb. Ijyb hits you with a +3 club.
You hit Ijyb. Ijyb hits you with a +3 club.
You hit Ijyb.
Ijyb is poisoned.
Ijyb barely misses you.
Aim: Ijyb, wielding a +3 club, wearing a +0 leather armour and carrying a wand of flame (19) (severely wounded, very poisoned, 64% to hit)
The zap misses Ijyb.
Ijyb hits you with a +3 club!
* * * LOW HITPOINT WARNING * * *
Aim: Ijyb, wielding a +3 club, wearing a +0 leather armour and carrying a wand of flame (19) (severely wounded, very poisoned, 64% to hit)
The zap hits Ijyb but does no damage.
Ijyb zaps a wand.
The puff of flame hits you!
* * * LOW HITPOINT WARNING * * *
Aim: Ijyb, wielding a +3 club, wearing a +0 leather armour and carrying a wand of flame (18) (severely wounded, very poisoned, 64% to hit)
The zap hits Ijyb.
Ijyb screams, "I dance on your bones!" Ijyb hits you with a +3 club.
* * * LOW HITPOINT WARNING * * *
Aim: Ijyb, wielding a +3 club, wearing a +0 leather armour and carrying a wand of flame (18) (almost dead, very poisoned, 64% to hit)
The zap hits Ijyb.
Ijyb zaps a wand.
The puff of flame hits you!
You die...

#g# ##. #.# #≈.≈# #.
#.# #≈§≈# ## #.# #≈§§#
# #.# #§.≈# # #.#
#§§≈#
#.#########≈.§########
#.'.≈≈≈≈≈§≈≈§≈§≈≈§≈≈≈.
#.'.g@....§§≈§..§§....
#.'.≈§≈§≈≈≈≈§≈≈§≈≈≈≈≈.
#.#########§§§########
#.........#§§§#
#########.#≈.≈#
#.#≈.≈# #.#≈.≈#
#.#≈.§# #.#≈.≈#


You could see Ijyb (very poisoned).

Vanquished Creatures
  Natasha (thrice) (D:2)
  An adder (D:3)
  2 dart slugs (D:1)
  6 orcs (D:3)
  7 bats
  8 endoplasms
  5 giant cockroaches
  3 goblins
  5 hobgoblins
  5 quokkas
  6 ball pythons
  5 frilled lizards
  6 kobolds
  4 rats
66 creatures vanquished.

Notes
Turn   | Place    | Note
-------+----------+-------------------------------------------
     0 | D:1      | vurker the Demigod Air Elementalist began the quest for the
                  | Orb.
     0 | D:1      | Reached XP level 1. HP: 14/14 MP: 5/5
   272 | D:1      | Reached skill level 1 in Conjurations
   663 | D:1      | Reached XP level 2. HP: 22/22 MP: 4/7
  1734 | D:2      | Reached XP level 3. HP: 27/27 MP: 7/9
  1753 | D:2      | Noticed Natasha
  1770 | D:2      | Killed Natasha
  1771 | D:2      | Reached skill level 1 in Fighting
  2242 | D:2      | Noticed Natasha
  2252 | D:2      | Killed Natasha
  2253 | D:2      | Reached XP level 4. HP: 25/35 MP: 5/10
  2509 | D:2      | Noticed Natasha
  2519 | D:2      | Killed Natasha
  2769 | D:3      | Learned a level 4 spell: Airstrike
  3715 | D:3      | Noticed Ijyb
  3737 | D:3      | Killed from afar by Ijyb

Illustrated notes

Levels and vault maps discovered:
D:1:      minmay_arrival_glassed_features, layout_loops_corners
D:2:      layout_rooms, chequers_serial_rivers_micro_b, uniq_natasha
D:3:      minmay_evil_eye, layout_basic, hellmonk_ecumenical_altar_slurped_away,
          minmay_hedge_maze, minmay_misc_feat_rugged, kennysheep_big_empty_room,
          kennysheep_cross_bottleneck, mrwooster_statue_mirror,
          serial_bayou_pond_d, uniq_ijyb

Skill      XL: |  1  2  3  4 |
---------------+-------------+-----
Conjurations   | 1 |  1.8
Spellcasting   | 2 3 |  3.0
Air Magic      | 3 |  3.9
Fighting       | 1 |  1.4
Dodging        | |  1.7
Stealth        | |  1.7

Action                   |  1- 3 |  4- 6 || total
-------------------------+-------+-------++-------
Melee: Dagger            |       |    14 ||    14
 Cast: Shock             |    91 |    65 ||   156
Armor: Robe              |     1 |     1 ||     2
Dodge: Dodged            |     5 |     9 ||    14

Table legend: (Time is in decaauts)
 A = Elapsed time spent in this place.
 B = Non-inter-level travel time spent in this place.
 C = Inter-level travel time spent in this place.
 D = Time resting spent in this place.
 E = Time spent auto-exploring this place.
 F = Levels seen in this place.
 G = Mean time per level.
                   A        B        C        D        E       F      G
               +--------+--------+--------+--------+--------+-----+--------+
         Total |   3738 |   3716 |     22 |      0 |   3327 |   3 | 1246.0 |
       Dungeon |   3738 |   3716 |     22 |      0 |   3327 |   3 | 1246.0 |
               +--------+--------+--------+--------+--------+-----+--------+

Top non-repeatable levels by time:
     D:1: 1604 daAuts
     D:2: 1125 daAuts
     D:3: 1008 daAuts
